AoeStats
← lu

Arena

510634319Analyzed
2v2 RM · 1d ago on Oct 1, 2026· 23m 39s· 4 players
Game mode
Random Map
Map size
Medium (4 player)
Population
200
Speed
Normal
Resources
Standard
Victory
Conquest
Starting age
Dark Age
Ending age
Imperial Age
RankedLock teamsTeams togetherTeam positionsShared explorationLock speedFull tech treeHidden civsTurbo modeCheats
Victory
Defeat
🇦🇷 Mongols · Argentina
965
+18
🇺🇸 Bohemians · United States
965
+18
🇦🇷 Franks · Argentina
1077
-21
🇦🇷 Vietnamese · Argentina
925
-42
Angel91125941
3:48 Loom
8:57 Feudal Age
13:16 Loom
16:11 Castle Age
15:55 Double-Bit Axe
15:51 Horse Collar
21:00 Sanctity
24:42 Wheelbarrow
Lord Nain7678
10:14 Feudal Age
15:06 Castle Age
13:32 Double-Bit Axe
17:27 Horse Collar
Dan
7:18 Loom
11:48 Feudal Age
15:35 Castle Age
13:31 Double-Bit Axe
16:42 Bow Saw
19:47 Husbandry
20:58 Scale Barding Armor
lu
10:04 Loom
12:29 Feudal Age
14:00 Horse Collar
14:09 Double-Bit Axe
16:19 Fletching
19:01 Castle Age
21:02 Thumb Ring
22:07 Crossbowman
Connection lost

Rejoining the realm…

Still unreachable

The connection could not be restored.

Session expired

The server has moved on; the page needs a fresh start.